 Dungeon Crawl Stone Soup version 0.25-a0-388-g41a7e554cb (webtiles) character file.

Game seed: 16752836638736124573, levelgen mode: deterministic

19837 Borgoz the Basher (level 12, -9/79 HPs)
             Began as a Gargoyle Berserker on Jan 7, 2020.
             Was a High Priest of Trog.
             Mangled by Rupert
             ... wielding a +2 great sword of slicing
              (14 damage)
             ... while paralysed by Rupert
             ... on level 13 of the Dungeon.
             The game lasted 00:19:18 (12311 turns).

Borgoz the Basher (Gargoyle Berserker)             Turns: 12311, Time: 00:19:18

Health: -9/79      AC: 24    Str: 27    XL:     12   Next: 73%
Magic:  0/17       EV:  2    Int:  8    God:    Trog [*****.]
Gold:   880        SH:  0    Dex: 11    Spells: 11/11 levels left

rFire    . . .     SeeInvis +   a - +1 flail of Courage {speed, rElec Str+3}
rCold    . . .     Gourm    +   h - +0 buckler
rNeg     + . .     Faith    .   x - +4 moon troll leather armour {Spirit, Regen++ MP+5}
rPois    ∞         Spirit   +   t - +2 hat
rElec    +         Reflect  .   (no cloak)
rCorr    .         Harm     .   (no gloves)
MR       .....                  o - +2 pair of boots
Stlth    +.........             v - amulet of the gourmand
HPRegen  1.03/turn              g - -3 ring of slaying (curse)
MPRegen  0.15/turn              l - ring of see invisible (curse)

@: paralysed
A: negative energy resistance 1, electricity resistance, unbreathing,
petrification resistance, rot immunity, AC +8
a: Berserk, Trog's Hand, Brothers in Arms, Renounce Religion


You were on level 13 of the Dungeon.
You worshipped Trog.
Trog was extremely pleased with you.
You were completely stuffed.

You visited 1 branch of the dungeon, and saw 13 of its levels.

You collected 934 gold pieces.
You spent 54 gold pieces at shops.

Inventory:

Hand Weapons
 a - the +1 flail of Courage (weapon) {speed, rElec Str+3}
   (You found it on level 9 of the Dungeon)

   Attacks with this weapon are significantly faster.
   It affects your strength (+3).
   It insulates you from electricity.
 b - the +5 whip of the Extremes {elec, Int+2}
   (You took it off a big kobold on level 6 of the Dungeon)

   Occasionally, upon striking a foe, it will discharge some electrical energy
   and cause terrible harm.
   It affects your intelligence (+2).
 y - the +7 war axe "Tuunijit" {chop, Int+4 Dex-4}
   (You took it off a centaur on level 9 of the Dungeon)

   It inflicts extra damage upon your enemies.
   It affects your intelligence (+4).
   It affects your dexterity (-4).
Armour
 h - a +0 buckler (worn)
 o - a +2 pair of boots (worn)
 t - a +2 hat (worn)
 x - the +4 moon troll leather armour (worn) {Spirit, Regen++ MP+5}
   (You found it on level 9 of the Dungeon)

   It affects your magic capacity (+5).
   It increases your rate of regeneration.
Jewellery
 g - a cursed -3 ring of slaying (left hand)
 l - a cursed ring of see invisible (right hand)
 v - an amulet of the gourmand (around neck)
 w - the ring of the Chupacabra {+Blink Dex-2}
   (You found it on level 9 of the Dungeon)

   [ring of dexterity]

   It affects your dexterity (-2).
   It lets you blink.
Wands
 f - a wand of disintegration (18)
 j - a wand of iceblast (5)
 r - a wand of acid (25)
 z - a wand of paralysis (4)
Scrolls
 e - a scroll of remove curse
 m - a scroll of enchant weapon
 n - 2 scrolls of teleportation
 B - a scroll of identify
Potions
 d - a potion of flight
 i - 2 potions of haste
 k - 2 potions of heal wounds
 p - 2 potions of mutation
 s - a potion of might
 u - a potion of invisibility
 A - a potion of resistance
Comestibles
 c - 28 rations
 q - a chunk of flesh


   Skills:
 + Level 10.6 Fighting
 + Level 12.4 Maces & Flails
 + Level 10.4 Armour
 + Level 8.0 Dodging
 - Level 5.0 Shields


You had 11 spell levels left.
You didn't know any spells.
Your spell library was empty.

Dungeon Overview and Level Annotations

Branches:
Dungeon (13/15)            Temple (0/1) D:6            Lair (0/6) D:9
    Orc (0/2) D:12
 Vaults: D:13-14

Altars:
Ashenzari
Cheibriados
Makhleb
Nemelex Xobeh
Okawaru
Qazlal
Sif Muna
Yredelemnul
Zin

Shops:
D:8 *

Portals:
Trove: D:10 (give +4 ice dragon scales)

Annotations:
D:13 Rupert


Innate Abilities, Weirdness & Mutations

You are resistant to torment.
Your stone body is resilient. (AC +8)
You are immune to poison.
You resist negative energy. (rN+)
You are resistant to electric shocks. (rElec)
You can survive without breathing.
You are immune to petrification.
You are immune to rotting.


Message History

Rupert roars madly and goes into a rage!
Rupert goes berserk!
Rupert hits you with a +2 great sword of slicing!
The two-headed ogre hits you with a +0 giant club!
The two-headed ogre hits you with a +0 dire flail.
A slime creature comes into view.
The slime creature quivers.
Rupert hits you with a +2 great sword of slicing!!
* * * LOW HITPOINT WARNING * * *
The two-headed ogre hits you but does no damage. x2
A slime creature comes into view.
The slime creature quivers.
Rupert completely misses you.
The two-headed ogre hits you with a +0 giant club!
* * * LOW HITPOINT WARNING * * *
The two-headed ogre hits you with a +0 dire flail.
* * * LOW HITPOINT WARNING * * *
The slime creature completely misses you.
Rupert hits you with a +2 great sword of slicing!
You die...

. # .# #. #####.#
##.######## #......
#.........# #......
#.........### #......
#......$....#####......
#...%@@...#............
#....JO...#######......
#.....<...# #......
#.........# #.[....
#..J......# #####.#
##J######## #...# #.
#####'### # #........
#........


You could see Rupert (berserk), 3 slime creatures and a two-headed ogre.

Vanquished Creatures
  2 two-headed ogres
  A wizard (D:9)
  The ghost of Calas the Carver, a novice MiGl of Okawaru (D:6)
  A deep elf mage (D:9)
  2 ugly things
  3 cyclopes
  A centaur zombie (D:11)
  Joseph (D:9)
  2 kobold demonologists
  A tengu conjurer (D:9)
  A hornet (D:9)
  Sigmund (D:4)
  8 hippogriffs
  2 wraiths
  A human (D:7)
  15 yaks
  3 hogs (D:7)
  2 hungry ghosts
  Eustachio (D:4)
  A vampire mosquito (D:9)
  Menkaure (D:7)
  An acid dragon (D:9)
  A warg (D:12)
  A black bear (D:10)
  9 orc warriors
  3 ice beasts
  5 sky beasts
  2 phantoms
  4 ogres
  A necrophage (D:11)
  14 centaurs
  11 big kobolds
  3 crocodiles
  Blork the orc (D:4)
  5 bullfrogs
  A wyvern zombie (D:11)
  A wyvern skeleton (D:7)
  A scorpion (D:9)
  7 wights
  10 killer bees
  5 crimson imps
  6 howler monkeys
  2 quasits
  6 hounds
  4 jellies
  10 orc priests
  12 orc wizards
  4 centaur skeletons
  3 bullfrog skeletons
  5 iguanas
  Natasha (thrice) (D:3)
  A hell rat (D:7)
  15 worker ants
  2 hound zombies
  A hound skeleton (D:7)
  A mummy (D:7)
  11 gnolls (D:4)
  A worker ant zombie (D:11)
  15 adders
  A howler monkey skeleton (D:10)
  10 river rats (D:7)
  2 shadow imps
  An ooze (D:1)
  2 adder skeletons
  An adder zombie (D:9)
  4 worms
  2 dart slugs
  4 leopard geckos
  45 orcs
  6 bats
  4 giant cockroaches
  27 hobgoblins
  3 jackals (D:2)
  13 quokkas
  2 ball pythons
  6 frilled lizards
  33 goblins
  22 kobolds
  A leopard gecko skeleton (D:7)
  15 rats
443 creatures vanquished.

Notes
Turn   | Place    | Note
-------+----------+-------------------------------------------
     0 | D:1      | Borgoz the Gargoyle Berserker began the quest for the Orb.
     0 | D:1      | Reached XP level 1. HP: 14/14 MP: 1/1
     2 | D:1      | Noticed an elf
     2 | D:1      | Noticed a spriggan
     4 | D:1      | Noticed a felid
     4 | D:1      | Noticed a demonspawn
     6 | D:1      | Noticed a tengu
     6 | D:1      | Noticed a gargoyle
     8 | D:1      | Noticed a vine stalker
     8 | D:1      | Noticed a halfling
    10 | D:1      | Noticed a troll
    12 | D:1      | Noticed a demigod
    12 | D:1      | Noticed a merfolk
    15 | D:1      | Noticed a formicid
    15 | D:1      | Noticed a naga
    17 | D:1      | Noticed an octopode
    17 | D:1      | Noticed a draconian
    19 | D:1      | Noticed a human
    19 | D:1      | Noticed a centaur
    21 | D:1      | Noticed a dwarf
    23 | D:1      | Noticed a minotaur
    25 | D:1      | Noticed a vampire
    27 | D:1      | Noticed an ogre
    27 | D:1      | Noticed a ghoul
   202 | D:1      | Reached XP level 2. HP: 19/19 MP: 2/2
   289 | D:1      | Found a sparkling altar of Nemelex Xobeh.
   818 | D:2      | Reached XP level 3. HP: 23/23 MP: 3/3
   829 | D:2      | Found a burning altar of Makhleb.
   829 | D:2      | Found an iron altar of Okawaru.
   964 | D:2      | Reached ** piety under Trog
  1083 | D:2      | Found a stormy altar of Qazlal.
  1182 | D:2      | Reached XP level 4. HP: 25/29 MP: 4/4
  1753 | D:3      | Reached skill level 4 in Maces & Flails
  1843 | D:3      | Noticed Natasha
  1851 | D:3      | Killed Natasha
  1851 | D:3      | Reached XP level 5. HP: 32/33 MP: 5/5
  1875 | D:3      | Noticed Natasha
  1888 | D:3      | Killed Natasha
  1997 | D:3      | Noticed Natasha
  2008 | D:3      | Killed Natasha
  2153 | D:3      | Reached XP level 6. HP: 37/38 MP: 6/6
  2347 | D:4      | Noticed Sigmund
  2356 | D:4      | Killed Sigmund
  2356 | D:4      | Reached skill level 5 in Maces & Flails
  2416 | D:4      | Noticed Blork the orc
  2425 | D:4      | Killed Blork the orc
  2425 | D:4      | Reached *** piety under Trog
  2425 | D:4      | Reached XP level 7. HP: 44/44 MP: 7/7
  2537 | D:4      | Found a shimmering blue altar of Sif Muna.
  2748 | D:4      | Reached skill level 5 in Fighting
  2968 | D:4      | Noticed Eustachio
  2981 | D:4      | Killed Eustachio
  2981 | D:4      | Reached skill level 6 in Maces & Flails
  3038 | D:4      | Reached **** piety under Trog
  3099 | D:4      | Reached XP level 8. HP: 46/49 MP: 8/8
  3486 | D:5      | Entered Level 5 of the Dungeon
  3531 | D:5      | Reached skill level 5 in Armour
  4103 | D:5      | Reached skill level 7 in Maces & Flails
  4205 | D:5      | Found a basalt altar of Yredelemnul.
  4205 | D:5      | Found a stormy altar of Qazlal.
  4210 | D:5      | Found a faded altar of an unknown god.
  4212 | D:5      | Found a shattered altar of Ashenzari.
  4214 | D:5      | Found a faded altar of an unknown god.
  4692 | D:6      | Found a runed translucent gate.
  4692 | D:6      | Found a runed translucent gate.
  4692 | D:6      | Found a runed translucent gate.
  4693 | D:6      | Noticed a kobold demonologist
  4706 | D:6      | Identified the +5 whip of the Extremes {elec, Int+2}
  4723 | D:6      | Noticed Calas's ghost (novice MiGl)
  4797 | D:6      | Found a staircase to the Ecumenical Temple.
  4938 | D:6      | Reached XP level 9. HP: 55/55 MP: 9/9
  5190 | D:6      | Reached skill level 8 in Maces & Flails
  5394 | D:6      | Found a glowing silver altar of Zin.
  5662 | D:7      | Reached skill level 5 in Dodging
  5825 | D:7      | Noticed Menkaure
  5836 | D:7      | Killed Menkaure
  5836 | D:7      | Reached skill level 9 in Maces & Flails
  5959 | D:7      | Found a snail-covered altar of Cheibriados.
  6099 | D:7      | Reached ***** piety under Trog
  6099 | D:7      | Received a gift from Trog
  6477 | D:7      | Reached XP level 10. HP: 44/63 MP: 10/10
  6717 | D:8      | Noticed a two-headed ogre
  6740 | D:8      | Killed a two-headed ogre
  7325 | D:8      | Reached skill level 10 in Maces & Flails
  7414 | D:8      | Found Dutwaem's Assorted Antiques.
  7421 | D:8      | Bought a scroll of identify for 54 gold pieces
  7631 | D:9      | Received a gift from Trog
  7773 | D:9      | Identified the +7 war axe "Tuunijit" {chop, Int+4 Dex-4}
  7784 | D:9      | Noticed Joseph
  7787 | D:9      | Noticed a cyclops
  7798 | D:9      | Killed a cyclops
  7820 | D:9      | Killed Joseph
  7820 | D:9      | Reached XP level 11. HP: 52/69 MP: 11/11
  7890 | D:9      | Reached skill level 11 in Maces & Flails
  7958 | D:9      | Noticed a two-headed ogre
  7978 | D:9      | Killed a two-headed ogre
  8183 | D:9      | Got a slimy marble ring
  8186 | D:9      | Got a shimmering flail
  8187 | D:9      | Identified the +1 flail of Courage {speed, rElec Str+3}
                  | (You found it on level 9 of the Dungeon)
  8188 | D:9      | Identified the cursed ring of the Chupacabra {+Blink Dex-2}
                  | (You found it on level 9 of the Dungeon)
  8228 | D:9      | Found the +4 moon troll leather armour {Spirit, Regen++
                  | MP+5}
  8483 | D:9      | Noticed a wizard
  8489 | D:9      | Killed a wizard
  8570 | D:9      | Found a staircase to the Lair.
  8666 | D:9      | Received a gift from Trog
  8809 | D:9      | Noticed a deep elf mage
  8814 | D:9      | Killed a deep elf mage
  9224 | D:6      | Killed Calas's ghost
  9224 | D:6      | Reached skill level 1 in Shields
  9421 | D:10     | Entered Level 10 of the Dungeon
  9889 | D:10     | Found a portal to a secret trove of treasure.
 10085 | D:11     | Noticed a purple ugly thing
 10105 | D:11     | Killed a purple ugly thing
 10114 | D:11     | Reached XP level 12. HP: 61/77 MP: 10/12
 10222 | D:11     | Reached skill level 12 in Maces & Flails
 10224 | D:11     | Reached skill level 10 in Fighting
 10341 | D:11     | Received a gift from Trog
 10538 | D:11     | Reached skill level 10 in Armour
 11985 | D:12     | Found a staircase to the Orcish Mines.
 12262 | D:13     | Reached skill level 5 in Shields
 12304 | D:13     | Noticed Rupert
 12304 | D:13     | Noticed a two-headed ogre
 12307 | D:13     | Paralysed by Rupert for 7 turns
 12311 | D:13     | Mangled by Rupert

Levels and vault maps discovered:
D:1:      kb_arrival_jail, layout_loops_ring, nemelex_xobeh_ov_fountains_minmay
D:2:      layout_basic, chequers_temple_overflow_statue_of_worship,
          nicolae_qazlal_general_emergency
D:3:      layout_rooms, first_ration, minmay_misc_feat_iff, uniq_natasha
D:4:      minmay_goblin_kobold_castle, layout_rooms, lemuel_blue_sif_altar,
          uniq_blork_the_orc, uniq_sigmund, uniq_eustachio
D:5:      layout_basic, chequers_temple_overflow_minitemple
D:6:      nicolae_whirlpool, layout_basic, zin_statuary,
          minmay_temple_entry_arrows, gammafunk_ghost_nasty_kobolds,
          minmay_door_square
D:7:      lemuel_ratsnest, layout_loops_cross, slow_altar_1, grunt_livestock,
          uniq_menkaure
D:8:      layout_cave_pools, serial_shops, shop, st_stairs_7,
          grunt_decor_resistance
D:9:      minmay_the_grid_octo_tiled_octocenter [minmay_the_grid_octo_focus,
          minmay_the_grid_octo_horde, minmay_the_grid_octo_teeth,
          minmay_the_grid_octo_pinwheel,
          minmay_the_grid_octo_prize_ultimate_mussel_roller,
          minmay_the_grid_square_5x5_shuriken,
          minmay_the_grid_square_5x5_tetrominoes,
          minmay_the_grid_square_5x5_broken_cross,
          minmay_the_grid_square_5x5_seven], layout_small_grid, uniq_joseph
D:10:     layout_roguey, nicolae_trove_entry_diagonal
D:11:     layout_long_grid
D:12:     layout_layer_cave, david_orc_3
D:13:     layout_roguey, uniq_rupert

Skill      XL: |  1  2  3  4  5  6  7  8  9 10 11 12 |
---------------+-------------------------------------+-----
Dodging        | 2 3 4 5 6 7 8 |  8.0
Maces & Flails | 4 5 6 7 9 10 11 12 | 12.4
Armour         | 3 4 5 7 8 9 10 | 10.4
Fighting       | 4 5 6 7 8 9 10 | 10.6
Shields        | 2 5 |  5.0

Action                   |  1- 3 |  4- 6 |  7- 9 | 10-12 || total
-------------------------+-------+-------+-------+-------++-------
Melee: Mace              |   113 |   156 |     1 |       ||   270
       Dire flail        |       |       |   675 |   120 ||   795
       Flail             |       |       |       |  1062 ||  1062
Throw: Throwing net      |       |       |       |     1 ||     1
Invok: Berserk           |       |     2 |     3 |     5 ||    10
       Trog's Hand       |       |       |       |     2 ||     2
  Use: Scroll            |       |       |     5 |    16 ||    21
       Potion            |       |       |       |     1 ||     1
  Eat: Chunk             |     1 |     5 |    18 |    60 ||    84
Armor: Animal skin       |     1 |       |       |       ||     1
       Plate armour      |   107 |   149 |   655 |   307 ||  1218
       Troll leather arm |       |       |       |   314 ||   314
Dodge: Dodged            |    56 |    55 |   378 |   724 ||  1213
Block: Buckler           |       |       |       |    90 ||    90

Table legend:
 A = Non-vault XP
 B = Vault XP
 C = Vault XP percentage of total XP
 D = Non-vault monster count
 E = Vault monster count
 F = Vault count percentage of total count
                 A         B        C        D         E       F
            +---------+---------+-------+---------+---------+-------
      Total |   18699 |    9640 |  34.0 |     290 |     153 |  34.5
            +---------+---------+-------+---------+---------+-------
        D:1 |      24 |       0 |   0.0 |      11 |       0 |   0.0
        D:2 |      89 |       0 |   0.0 |      28 |       0 |   0.0
        D:3 |     181 |      35 |  16.2 |      27 |       1 |   3.6
        D:4 |     150 |     869 |  85.3 |      12 |      64 |  84.2
        D:5 |     613 |       0 |   0.0 |      15 |       0 |   0.0
        D:6 |     633 |    1827 |  74.3 |      16 |      10 |  38.5
        D:7 |     588 |    1401 |  70.4 |      14 |      35 |  71.4
        D:8 |    1971 |      42 |   2.1 |      15 |       1 |   6.2
        D:9 |    3007 |    4955 |  62.2 |      50 |      34 |  40.5
       D:10 |    1201 |       0 |   0.0 |      17 |       0 |   0.0
       D:11 |    7374 |       0 |   0.0 |      58 |       0 |   0.0
       D:12 |    2581 |     511 |  16.5 |      25 |       8 |  24.2
       D:13 |     287 |       0 |   0.0 |       2 |       0 |   0.0
            +---------+---------+-------+---------+---------+-------
